 Dungeon Crawl Stone Soup version 0.28.0-45-g0d030f2227 (webtiles) character file.

Game seed: 5202660758962238299

4 CryoSword the Insei (level 1, 0/9 HPs)
             Began as a Vine Stalker Transmuter on Apr 23, 2022.
             Slain by a jackal (2 damage)
             ... on level 1 of the Dungeon.
             The game lasted 00:00:14 (81 turns).

CryoSword the Insei (Vine Stalker Transmuter)         Turns: 81, Time: 00:00:15

Health: 0/9        AC:  2    Str: 12    XL:     1   Next: 70%
Magic:  0/4        EV: 12    Int: 13    God:
Gold:   0          SH:  0    Dex: 14    Spells: 3/4 levels left

rFire   . . .      SeeInvis .     - Unarmed
rCold   . . .      Faith    .   (no shield)
rNeg    . . .      Spirit   +   a - +0 robe
rPois   .          Reflect  .   (no helmet)
rElec   .          Harm     .   (no cloak)
rCorr   .          Rampage  .   (no gloves)
Will    .....                   (no boots)
Stlth   +.........              (no amulet)
HPRegen 0.03/turn               (no ring)
MPRegen 0.09/turn               (no ring)

@: no status effects
A: fangs 2, magic shield, antimagic bite, no potion heal 2
a: no special abilities


You were on level 1 of the Dungeon.
You visited 1 branch of the dungeon, and saw 1 of its levels.

Inventory:

Armour
 a - a +0 robe (worn)
Scrolls
 b - a scroll of teleportation {unknown}
 c - a scroll of identify {unknown}


   Skills:
 - Level 0.8 Fighting
 - Level 1.5 Dodging
 + Level 3.3 Unarmed Combat
 - Level 2.1 Spellcasting
 - Level 2.0 Transmutations


You had 3 spell levels left.
You knew the following spells:

 Your Spells              Type           Power      Damage    Failure   Level
a - Beastly Appendage     Tmut           12%        N/A       11%         1

Your spell library contained the following spells:

 Spells                   Type           Power      Damage    Failure   Level
 Wereblood                Tmut           6%         N/A       17%         2
 Spider Form              Tmut/Pois      4%         N/A       45%         3
 Ice Form                 Ice/Tmut       4%         N/A       86%         4


Dungeon Overview and Level Annotations

Branches:
Dungeon (1/15)

Altars:


Innate Abilities, Weirdness & Mutations

You have extremely sharp teeth.
When hurt, damage is shared between your health and your magic reserves.
Your bite disrupts and absorbs the magic of your enemies.
Potions cannot restore your health.


Message History

Welcome, CryoSword the Vine Stalker Transmuter.
It is said that the Orb of Zot exists deep within this dungeon.
Found a scroll labelled GUFICY ETAE.
Found a staircase leading out of the dungeon.
b - a scroll labelled GUFICY ETAE
Found a leather armour.
You see here a +0 leather armour.
A kobold comes into view. It is wielding a +0 short sword.
A kobold is nearby!
A kobold is nearby!
A kobold is nearby!
The kobold shouts!
The kobold barely misses you.
You see here a scroll labelled ZANKOMN EDIDWU.
You closely miss the kobold. You hit the kobold.
You kill the kobold!
No target in view!
No target in view!
No target in view!
No target in view!
No target in view!
No target in view!
No target in view!
No target in view!
No target in view!
No target in view!
c - a scroll labelled ZANKOMN EDIDWU You see here a +0 short sword. 3 jackals come into view.
Found 23 stones.
There are monsters nearby!
There are monsters nearby!
Found a stone staircase leading down.
The helpless jackal fails to defend itself.
You hit the jackal. You bite the jackal.
You kill the jackal!
The jackal barks! x2
The jackal bites you.
A goblin comes into view. It is wielding a +0 dagger.
You barely miss the jackal.
The goblin shouts!
You bite the jackal, but do no damage.
You hear an angry hiss.
A bat comes into view.
The jackal bites you.
The jackal barely misses you. x2; The jackal bites you.
You are too injured to fight recklessly!
You are too injured to fight recklessly!
You are too injured to fight recklessly!
You are too injured to fight recklessly!
You are too injured to fight recklessly!
You are too injured to fight recklessly!
You are too injured to fight recklessly!
You are too injured to fight recklessly!
You are too injured to fight recklessly!
You are too injured to fight recklessly!
You are too injured to fight recklessly!
You are too injured to fight recklessly!
You are too injured to fight recklessly!
A ball python comes into view.
A goblin comes into view. It is wielding a +0 dagger.
The jackal closely misses you. The jackal closely misses you.
You hit the jackal. Your bite misses the jackal. The jackal barely misses you.
The jackal bites you.
You hit the jackal but do no damage. Your bite misses the jackal.
The jackal closely misses you.
You barely miss the jackal. The jackal closely misses you.
You hit the jackal.
You kill the jackal!
You closely miss the jackal. Your bite misses the jackal. The jackal bites you.
* * * LOW HITPOINT WARNING * * *
You hit the jackal. Your bite misses the jackal.
The jackal completely misses you.
You miss the jackal. You bite the jackal. You drain its power.
You feel invigorated. The jackal bites you.
* * * LOW HITPOINT WARNING * * *
The jackal barely misses you.
You see here a +0 short sword.
The jackal bites you.
* * * LOW HITPOINT WARNING * * *
The jackal bites you. The bat hits you but does no damage.
The bat barely misses you. x2
You miss the bat. You bite the bat, but do no damage.
The bat hits you but does no damage. The bat hits you.
You closely miss the bat. Your bite misses the bat.
The bat hits you but does no damage. The bat misses you.
The bat barely misses you.
You closely miss the bat. The bat misses you. The bat barely misses you.
You barely miss the bat. You bite the bat. You drain its power.
You feel invigorated. The bat hits you.
You miss the bat. Your bite misses the bat. The bat closely misses you.
The bat hits you.
You hit the bat.
You kill the bat!
You hit the jackal but do no damage. Your bite misses the jackal.
The jackal misses you.
You barely miss the jackal. You bite the jackal, but do no damage.
The jackal misses you. The jackal bites you.
* * * LOW HITPOINT WARNING * * *
You barely miss the jackal. Your bite misses the jackal. The jackal bites you.
You die...

#### ###########
#....# #.##...##<#
.....# ##..##....#
#.##.# #..######..
#.##.# #..### ##.
#@##.# ##...####..
#h##.# #.#.[.....
#####S##.#######.###.#
#....g.....# ##.##
#####.##.#####..#
#)##.......##
#.#############
#..†bgS........
#######.######


You could see a jackal, a goblin and a ball python.

Vanquished Creatures
  A bat (D:1)
  2 jackals (D:1)
  A kobold (D:1)
4 creatures vanquished.

Notes
Turn   | Place    | Note
-------+----------+-------------------------------------------
     0 | D:1      | CryoSword the Vine Stalker Transmuter began the quest for
                  | the Orb.
     0 | D:1      | Reached XP level 1. HP: 9/9 MP: 4/4
    81 | D:1      | Slain by a jackal

Illustrated notes

Levels and vault maps discovered:
D:1:      dpeg_arrival_round_a, layout_loops_ring,
          nicolae_ecumenical_snake_handling

Action                   || total
-------------------------++-------
Melee: Unarmed           ||    20
       Bite              ||     6
 Stab: Sleeping          ||     1
Armor: Robe              ||     3
Dodge: Dodged            ||    19
